 Dungeon Crawl Stone Soup version 0.21.1-1-g345015fe64 (webtiles) character file.

166 Htamos the Sneak (level 5, -1/35 HPs)
             Began as an Octopode Wizard on July 16, 2018.
             Slain by an orc wizard
             ... wielding a +2 dagger of holy wrath
              (4 damage)
             ... on level 4 of the Dungeon.
             The game lasted 00:10:04 (4993 turns).

Htamos the Sneak (Octopode Wizard)                  Turns: 4993, Time: 00:10:05

Health: -1/35      AC:  1    Str:  6    XL:     5   Next: 47%
Magic:  2/10       EV: 14    Int: 21    God:
Gold:   149        SH:  0    Dex: 11    Spells: 5/11 levels left

rFire    . . .     SeeInvis .   n - +0 trident
rCold    . . .     Gourm    .   (no shield)
rNeg     . . .     Faith    .   a - +0 hat
rPois    .         Spirit   .   (no amulet)
rElec    .         Reflect  .   (no ring)
rCorr    .         Harm     .   (no ring)
MR       .....                  (no ring)
Stlth    +++.......             (no ring)
HPRegen  0.11/turn              (no ring)
MPRegen  0.12/turn              (no ring)
                                (no ring)
                                (no ring)

@: very slightly contaminated
A: almost no armour, stealthy swim, amphibious, 8 rings, constrict 8, camouflage
1, gelatinous body 1
a: no special abilities


You were on level 4 of the Dungeon.
You were not hungry.

You visited 1 branch of the dungeon, and saw 4 of its levels.

You collected 149 gold pieces.

Inventory:

Hand Weapons
 e - a +0 mace
 h - a cursed -2 dagger
 n - a +0 trident (weapon)
Missiles
 d - 77 stones (quivered)
Armour
 a - a +0 hat (worn)
Jewellery
 w - an uncursed ring of protection from cold {unknown}
Scrolls
 f - 2 scrolls of identify {unknown}
 g - 3 scrolls of random uselessness {unknown}
 i - 5 scrolls of enchant weapon {unknown}
 j - a scroll of fear {unknown}
 k - 2 scrolls of magic mapping {unknown}
 l - a scroll of amnesia {unknown}
 m - a scroll of enchant armour {unknown}
 p - a scroll of remove curse {unknown}
 t - a scroll of noise {unknown}
 u - a scroll of blinking {unknown}
Potions
 o - 3 potions of flight {unknown}
 q - a potion of heal wounds {unknown}
 r - a potion of curing {unknown}
 s - a potion of invisibility {unknown}
 x - a potion of lignification {unknown}
Books
 b - a book of Minor Magic

   Spells                             Type                      Level
   a - Magic Dart                     Conjuration                  1
   b - Blink                          Translocation                2
   c - Call Imp                       Summoning                    2
   d - Slow                           Hexes                        2
   e - Conjure Flame                  Conjuration/Fire             3
   f - Mephitic Cloud                 Conjuration/Poison/Air       3
 v - a book of Maledictions

   Spells                             Type                      Level
   a - Corona                         Hexes                        1
   b - Ensorcelled Hibernation        Hexes/Ice                    2
   c - Confuse                        Hexes                        3
   d - Tukima's Dance                 Hexes                        3
   e - Dazzling Spray                 Conjuration/Hexes            3
Comestibles
 c - 10 rations
 z - 5 chunks of flesh


   Skills:
 * Level 2.6 Fighting
 + Level 2.9 Dodging
 + Level 3.8 Stealth
 + Level 3.5 Spellcasting
 + Level 2.1 Conjurations
   Level 1.0 Summonings
 - Level 1.0 Translocations


You had 5 spell levels left.
You knew the following spells:

 Your Spells              Type           Power        Failure   Level  Hunger
a - Magic Dart            Conj           ##..         4%          1    None
b - Blink                 Tloc           N/A          13%         2    ##.....
c - Conjure Flame         Conj/Fire      #.......     24%         3    ###....


Dungeon Overview and Level Annotations

Branches:
Dungeon (4/15)
 Temple: D:4-7

Altars:
Cheibriados
Dithmenos
Gozag
Hepliaklqana
Vehumet
The Shining One

Annotations:
D:3 Loge's ghost, amateur DrTm


Innate Abilities, Weirdness & Mutations

You cannot wear most types of armour.
You are very stealthy in the water. (Stealth+)
You are amphibious.
You can wear up to eight rings at the same time.
You can use your tentacles to constrict eight enemies at once.
Your skin changes colour to match your surroundings (Stealth+).
Your rubbery body absorbs attacks. (AC +1, EV +1)


Message History

The orc wizard seems to speed up.
Casting: Magic Dart
Confirm with . or Enter, or press ? or * to list all spells.
Aiming: Magic Dart
Press: ? - help, Shift-Dir - straight line, f/p - orc wizard
Aim: an orc wizard, wielding a dagger of holy wrath and wearing a robe (moderately wounded, fast)
The magic dart hits the orc wizard.
The orc wizard is heavily wounded.
* * * LOW MAGIC WARNING * * *
The orc wizard closely misses you.
Some of the chunks of flesh in your inventory have rotted away.
You barely miss the orc wizard. You grab the orc wizard.
Your squeeze misses the orc wizard.
The orc wizard is heavily wounded.
You constrict the orc wizard, but do no damage.
The orc wizard gestures at you while chanting.
The magic dart hits you!
* * * LOW HITPOINT WARNING * * *
The orc wizard hits you with a dagger of holy wrath.
You die...

.##..#
#.##.###'#####.#.#..#####
.###.##
#.##.##......#.#.#.......
## #..#
#.##.##...)..#.#.##.#####
##.###.##.##......#.#.##.#
#..##.##.##......#.#.##.#
######.##.##.........#.#
#.# ..........##.....#####
#.# ######.##.##.....# #.#
#..#.##.###@# #.# ##.#.##.
#o# #.# #.#.## #.. #.#
#...# .... #.# ##..# .##.#
#.# ########..# .. .. #.#
.........># .. ... #.#
########### #.. .⌠. #.#
.....# #.#


You could see an orc wizard.

Vanquished Creatures
  A hound (D:4)
  An orc wizard (D:4)
  An adder (D:3)
  3 oozes
  3 worms
  4 dart slugs
  2 leopard geckos (D:4)
  4 orcs
  5 ball pythons
  9 bats
  2 giant cockroaches
  4 goblins
  2 hobgoblins
  8 jackals
  8 kobolds
  3 frilled lizards
  A leopard gecko skeleton (D:4)
  5 rats
66 creatures vanquished.

Notes
Turn   | Place    | Note
-------+----------+-------------------------------------------
     0 | D:1      | Htamos the Octopode Wizard began the quest for the Orb.
     0 | D:1      | Reached XP level 1. HP: 11/11 MP: 4/4
   342 | D:1      | Reached XP level 2. HP: 18/18 MP: 0/6
   670 | D:1      | Reached skill level 1 in Fighting
   758 | D:1      | Reached XP level 3. HP: 21/23 MP: 0/7
  1811 | D:2      | Learned a level 2 spell: Blink
  1815 | D:2      | Learned a level 3 spell: Conjure Flame
  1945 | D:2      | Found a shadowy altar of Dithmenos.
  2329 | D:2      | Reached XP level 4. HP: 28/28 MP: 3/9
  2822 | D:3      | Found a radiant altar of Vehumet.
  2825 | D:3      | Found a snail-covered altar of Cheibriados.
  2828 | D:3      | Found a hazy altar of Hepliaklqana.
  2828 | D:3      | Found an opulent altar of Gozag.
  2996 | D:3      | Noticed Loge's ghost (amateur DrTm)
  3002 | D:3      | Found a glowing golden altar of the Shining One.
  4372 | D:4      | Reached XP level 5. HP: 8/35 MP: 3/10
  4993 | D:4      | Slain by an orc wizard

Skill      XL: |  1  2  3  4 |
---------------+-------------+-----
Stealth        | 3 |  3.8
Fighting       | 1 2 |  2.6
Conjurations   | 2 |  2.1
Dodging        | |  2.9
Spellcasting   | |  3.5
Summonings     | |  1.0
Translocations | |  1.0

Action                   |  1- 3 |  4- 6 || total
-------------------------+-------+-------++-------
Melee: Unarmed           |     4 |       ||     4
       Mace              |    22 |       ||    22
       Constrict         |     8 |    11 ||    19
       Tentacles         |     1 |     4 ||     5
       Trident           |       |    57 ||    57
 Cast: Magic Dart        |    96 |    51 ||   147
       Conjure Flame     |       |     1 ||     1
 Stab: Sleeping          |     2 |     8 ||    10
  Eat: Chunk             |     4 |     8 ||    12
Armor: Skin              |     3 |     5 ||     8
Dodge: Dodged            |    44 |    50 ||    94
